 Dungeon Crawl Stone Soup version 0.12-a0-1224-g4d04549 (console) character file.

140 vogonpoet the Skirmisher (level 3, 0/28 HPs)
             Began as a Minotaur Wanderer on Nov 28, 2012.
             Slain by a gnoll
             ... wielding a +2,+2 short sword
              (6 damage)
             ... on Level 1 of the Dungeon.
             The game lasted 00:04:30 (963 turns).

vogonpoet the Skirmisher (Minotaur Wanderer)         Turns: 963, Time: 00:04:30

HP   0/28        AC  5     Str 14      XL: 3   Next: 64%
MP   2/2         EV  9     Int  9      God:
Gold 87          SH  0     Dex 12      Spells:  0 memorised,  2 levels left

Res.Fire  : . . .   See Invis. : .   c - +0 club
Res.Cold  : . . .   Warding    : .   b - +0 ring mail
Life Prot.: . . .   Conserve   : .   (no shield)
Res.Poison: .       Res.Corr.  : .   (helmet restricted)
Res.Elec. : .       Clarity    : .   (no cloak)
Sust.Abil.: . .     Spirit.Shd : .   (no gloves)
Res.Mut.  : .       Stasis     : .   (no boots)
Res.Rott. : .       Ctrl.Telep.: .   (no amulet)
Saprovore : . . .   Flight     : .   (no ring)
                                     (no ring)

@: not resistant to hostile enchantments, very unstealthy
A: retaliatory headbutt, horns 2
a: no special abilities


You were on level 1 of the Dungeon.
You were not hungry.

You visited 1 branch of the dungeon, and saw 2 of its levels.

You collected 37 gold pieces.

Inventory:

Hand weapons
 c - a +0,+0 club (weapon)
 g - a +0,+0 short sword
Missiles
 f - a throwing net
 i - 15 darts (quivered)
 m - 14 bolts
Armour
 b - a +0 ring mail (worn)
Magical devices
 n - a wand of enslavement (13) {unknown}
Comestibles
 d - a bread ration
 l - a rotting chunk of rat flesh
 p - 2 chunks of quokka flesh
Scrolls
 a - a scroll of blinking
 e - 6 scrolls of identify {unknown}
 h - 2 scrolls of recharging {unknown}
 o - a scroll of noise {unknown}
Jewellery
 j - an uncursed ring of see invisible {unknown}
Potions
 k - a potion of paralysis {unknown}


   Skills:
 + Level 5.3 Fighting
   Level 2.4 Polearms
 - Level 4.0 Armour
   Level 1.7 Invocations


You had 2 spell levels left.
You didn't know any spells.

Dungeon Overview and Level Annotations

Branches:
Dungeon (2/27)

Altars:


Innate Abilities, Weirdness & Mutations

You reflexively headbutt those who attack you in melee.
You have a pair of horns on your head.


Message History

The gnoll hits you with a short sword!
You climb upwards.
There is a stone staircase leading down here.
You see here a rotting jackal corpse.
You hit the gnoll.
The gnoll is heavily wounded.
The gnoll hits you with a short sword.
You hit the gnoll but do no damage.
The gnoll is heavily wounded.
The gnoll hits you with a short sword.
* * * LOW HITPOINT WARNING * * *
You hit the gnoll.
The gnoll is severely wounded.
The gnoll barely misses you.
You closely miss the gnoll. Your headbutt misses the gnoll.
The gnoll is heavily wounded.
The gnoll hits you with a short sword.
* * * LOW HITPOINT WARNING * * *
The gnoll hits you with a short sword.
You die...

#.#♣♣≈≈≈≈≈≈≈≈≈≈≈≈≈≈≈≈≈≈≈≈≈P≈ #.#
♣≈≈≈P≈P≈≈≈≈≈≈≈≈≈≈≈≈≈≈≈≈≈ # #.#
♣≈♣≈≈≈≈≈≈≈≈≈≈≈≈≈≈≈≈≈≈≈♣≈
######.###♣♣≈≈P♣≈P≈≈≈≈≈≈≈≈≈≈≈≈≈≈P
...........♣P♣≈≈≈P≈≈≈≈≈≈P≈P≈≈≈P♣♣
...........P♣≈≈♣≈≈≈P≈P♣P≈≈♣♣≈♣♣≈#
#.......##.###♣≈♣♣≈♣≈♣♣♣♣≈≈P♣♣P##
........##.#####.#≈≈♣♣≈♣≈♣≈#...##
#...............@g...............
##.....##########.###...#........
##...## ##.###...)...).... ###.#
#....%....###%..## #.#
#..###..#####...# #.# ######..#
#..# #.....# #<# #.......# #..#
#....## ####### #.#####.#
#..###....### <....#### #.# #.#
#...........#


You could see a gnoll.

Vanquished Creatures
  2 adders (D:2)
  A ball python (D:2)
  4 bats
  A giant cockroach (D:1)
  3 hobgoblins (D:1)
  2 jackals (D:1)
  6 kobolds
  A quokka (D:2)
  4 giant newts (D:1)
  7 goblins
  4 rats (D:1)
  A toadstool (D:1)
36 creatures vanquished.

Vanquished Creatures (others)
  A kobold (D:1)
  A rat (D:1)
  A toadstool (D:1)
3 creatures vanquished.

Grand Total: 39 creatures vanquished

Notes
Turn   | Place    | Note
--------------------------------------------------------------
     0 | D:1      | vogonpoet, the Minotaur Wanderer, began the quest for the Orb.
     0 | D:1      | Reached XP level 1. HP: 15/15 MP: 1/1
    80 | D:1      | Reached skill level 4 in Armour
   143 | D:1      | Reached XP level 2. HP: 19/22 MP: 1/1
   792 | D:2      | Reached skill level 5 in Fighting
   792 | D:2      | Reached XP level 3. HP: 28/28 MP: 2/2
   963 | D:1      | Slain by a gnoll
